 Dungeon Crawl Stone Soup version 0.19.1-1-g22dce08 (webtiles) character file.

3320 ImaNewbie the Destroyer (level 9, -1/45 HPs)
             Began as a Deep Elf Fire Elementalist on Jan 3, 2017.
             Was a Priest of Vehumet.
             Shot with a sling bullet by Joseph (3 damage)
             ... on level 9 of the Dungeon.
             The game lasted 00:42:42 (10991 turns).

ImaNewbie the Destroyer (DEFE)                     Turns: 10991, Time: 00:42:42

Health: -1/45      AC:  4    Str: 12    XL:     9   Next: 71%
Magic:  1/18       EV: 17    Int: 23    God:    Vehumet [***...]
Gold:   545        SH:  0    Dex: 15    Spells: 6 memorised, 0 levels left

rFire  . . .     SeeInvis .     G - +4 short sword "Labuahad" {distort, *Slow Str+6}
rCold  . . .     Gourm    .     a - +0 robe
rNeg   . . .     Faith    .     (no shield)
rPois  .         Spirit   .     E - +0 helmet
rElec  .         Reflect  .     (no cloak)
rCorr  .         Harm     .     (no gloves)
MR     .....                    F - +0 pair of boots
Stlth  ++++......               (no amulet)
                                (no ring)
                                (no ring)

@: no status effects
A: no striking features
a: Renounce Religion


You were on level 9 of the Dungeon.
You worshipped Vehumet.
Vehumet was most pleased with you.
You were hungry.

You visited 1 branch of the dungeon, and saw 9 of its levels.
You also visited: Sewer and Ossuary.

You collected 545 gold pieces.

Inventory:

Hand Weapons
 b - a cursed -3 blowgun
 e - a +0 falchion of slicing
 k - a +1 dagger of venom
 G - the +4 short sword "Labuahad" (weapon) {distort, *Slow Str+6}
   (You found it on level 8 of the Dungeon)

   It warps and distorts space around it.
   Unwielding it can cause banishment or high damage.
   It affects your strength (+6).
   It may slow you when you take damage.
Missiles
 w - a throwing net (quivered)
 z - 16 poisoned needles
Armour
 a - a +0 robe (worn)
 E - a +0 helmet (worn)
 F - a +0 pair of boots (worn)
Jewellery
 g - an uncursed ring of ice
Wands
 o - a wand of confusion (25/48)
 H - a wand of iceblast (4/15)
Scrolls
 h - 4 scrolls of remove curse
 m - a scroll of magic mapping {unknown}
 p - 2 scrolls of fear
 r - a scroll of enchant weapon {unknown}
 y - 3 scrolls of immolation
 A - 2 scrolls of teleportation
 J - a scroll of amnesia {unknown}
Potions
 d - 2 potions of ambrosia
 f - 10 potions of curing
 i - a potion of cancellation
 j - a potion of lignification
 l - 2 potions of resistance {unknown}
 n - 2 potions of cure mutation
 t - a potion of berserk rage
 u - 4 potions of brilliance
 v - 2 potions of agility
 x - a potion of might {unknown}
 B - 3 potions of haste
 D - 3 potions of magic
Books
 C - a book of Flames

   Spells                             Type                      Level
   a - Flame Tongue                   Conjuration/Fire             1
   b - Throw Flame                    Conjuration/Fire             2
   c - Conjure Flame                  Conjuration/Fire             3
   d - Inner Flame                    Hexes/Fire                   3
   e - Sticky Flame                   Conjuration/Fire             4
   f - Fireball                       Conjuration/Fire             5
Comestibles
 c - 6 bread rations
 q - 2 meat rations
 s - 4 chunks of flesh
 I - 10 royal jellies


   Skills:
 + Level 8.3 Dodging
 + Level 7.3 Stealth
 - Level 5.1 Spellcasting
 - Level 10.0 Conjurations
 - Level 6.2 Fire Magic


You couldn't memorise any spells.
You knew the following spells:

 Your Spells              Type           Power        Failure   Level  Hunger
a - Flame Tongue          Conj/Fire      #####        1%          1    None
b - Conjure Flame         Conj/Fire      #####...     1%          3    ##.....
c - Sticky Flame          Conj/Fire      #####...     1%          4    ####...
d - Searing Ray           Conj           ######       1%          2    None
e - Fireball              Conj/Fire      #####.....   3%          5    #####..
f - Mephitic Cloud        Conj/Pois/Air  ###.....     2%          3    ##.....


Dungeon Overview and Level Annotations

Branches:
Dungeon (9/15)             Temple (0/1) D:4
   Lair: D:8-11         Orc: D:9-12

Altars:
Fedhas
Hepliaklqana
Kikubaaqudgha
Makhleb
Nemelex Xobeh
Okawaru
Uskayaw
Vehumet
Xom
Yredelemnul
Zin

Annotations:
D:5 exclusion: downstairs
D:7 exclusion: ugly thing
D:9 Joseph


Message History

Joseph is covered in liquid flames!
You are feeling hungry.
Joseph burns!
Joseph hits you with an uncursed quarterstaff of protection!
Casting: Sticky Flame
Confirm with . or Enter, or press ? or * to list all spells.
You don't have enough magic to cast that spell.
Unknown command.
Unknown command.
Joseph burns!
Joseph unwields an uncursed quarterstaff of protection.
Joseph wields an uncursed hunting sling.
Joseph shoots a sling bullet.
The sling bullet hits you!
* * * LOW HITPOINT WARNING * * *
You see here a sling bullet.
Joseph burns!
Joseph shoots a sling bullet.
The sling bullet hits you!
* * * LOW HITPOINT WARNING * * *
You see here a sling bullet.
Joseph burns!
Joseph shoots a sling bullet.
The sling bullet hits you.
You die...

###..#######..###(..#..#. #...
##.........##.@(..# .#... #...
######.#####..##..# #...# #...
#...##'#.....## ..# #...# #...
#...#.......## ..#. #...# #...
#...#...#...# #.....#...# #...
#......##...# #...#.#...###...
#....#.##...####...#.#...##....
###..............................
.......#.##...####...#.#...##....
######.#.##...# #...#.#...#.....
.......#.##...# #...#.#...#.#...
.........##...####.........#.#...
...................#.#...........
....##############.._..##########
....# ###.#.# ....# #...#


You could see Joseph (burning).

Vanquished Creatures
  A wyvern (D:8)
  3 yaks (D:8)
  A water moccasin (D:6)
  Purgy (Sewer)
  2 sky beasts
  An ice beast (D:8)
  3 ogres
  A phantom (D:9)
  A crocodile (D:8)
  The ghost of M4edhros the Insei, an amateur OpNe (Ossuary)
  A big kobold (D:7)
  5 bullfrogs
  2 electric eels (D:8)
  A howler monkey (D:4)
  7 jellies
  2 crimson imps
  2 hounds
  2 orc priests
  A bullfrog skeleton (D:8)
  A centaur skeleton (D:7)
  An iguana (D:6)
  6 orc wizards
  6 worker ants
  A big kobold zombie (Ossuary)
  3 mummies (Ossuary)
  13 gnolls
  A howler monkey skeleton (D:4)
  13 adders
  2 river rats (D:3)
  A shadow imp (D:8)
  7 oozes
  3 adder zombies
  A dart slug (D:1)
  7 leopard geckos
  16 orcs
  2 giant cockroaches (D:4)
  A gnoll zombie (Ossuary)
  7 goblins
  6 hobgoblins
  2 jackals (Sewer)
  4 quokkas
  2 ball pythons
  8 bats
  6 frilled lizards
  4 goblin zombies (Ossuary)
  5 hobgoblin zombies (Ossuary)
  14 kobolds
  2 leopard gecko skeletons
  4 quokka zombies
  12 rats
  2 rat zombies (Ossuary)
201 creatures vanquished.

Notes
Turn   | Place    | Note
-------+----------+-------------------------------------------
     0 | D:1      | ImaNewbie the Deep Elf Fire Elementalist began the quest for the Orb.
     0 | D:1      | Reached XP level 1. HP: 10/10 MP: 6/6
    93 | D:1      | Reached skill level 2 in Conjurations
   152 | D:1      | Reached XP level 2. HP: 15/15 MP: 6/8
   519 | D:1      | Reached skill level 3 in Conjurations
  1049 | D:1      | Reached XP level 3. HP: 11/19 MP: 7/9
  1546 | D:2      | Reached skill level 4 in Conjurations
  1956 | D:2      | Reached XP level 4. HP: 21/24 MP: 6/10
  2420 | D:3      | Noticed an ogre
  2427 | D:2      | Learned a level 3 spell: Conjure Flame
  2432 | D:2      | Learned a level 4 spell: Sticky Flame
  2450 | D:3      | Found a sparkling altar of Nemelex Xobeh.
  2951 | D:3      | Found a glowing drain.
  2956 | Sewer    | Entered a sewer
  3066 | Sewer    | Noticed Purgy
  3107 | Sewer    | Killed Purgy
  3107 | Sewer    | Reached skill level 5 in Fire Magic
  3107 | Sewer    | Reached XP level 5. HP: 19/28 MP: 0/11
  3341 | D:3      | Found a basalt altar of Yredelemnul.
  3475 | D:3      | Found a glowing silver altar of Zin.
  3493 | D:3      | Found a radiant altar of Vehumet.
  3507 | D:3      | Became a worshipper of Vehumet
  3522 | D:3      | Found a hazy altar of Hepliaklqana.
  3726 | D:4      | Reached XP level 6. HP: 32/32 MP: 8/12
  3842 | D:4      | Reached skill level 5 in Conjurations
  3911 | D:4      | Found a staircase to the Ecumenical Temple.
  4217 | D:4      | Reached skill level 6 in Conjurations
  4446 | D:4      | Reached * piety under Vehumet
  4446 | D:4      | Offered knowledge of Freeze by Vehumet.
  4506 | D:4      | Reached XP level 7. HP: 35/36 MP: 8/13
  4678 | D:5      | Entered Level 5 of the Dungeon
  4680 | D:5      | Found a shimmering altar of Xom.
  4695 | D:5      | Found a hide-covered altar of Uskayaw.
  4696 | D:5      | Noticed a dagger
  4696 | D:5      | Noticed a dagger
  4704 | D:5      | Reached skill level 5 in Stealth
  4883 | D:5      | Found a sand-covered staircase.
  4916 | Ossuary  | Entered an ossuary
  5051 | Ossuary  | Noticed M4edhros's ghost (amateur OpNe)
  5209 | Ossuary  | Killed M4edhros's ghost
  5589 | D:5      | Reached ** piety under Vehumet
  5589 | D:5      | Reached skill level 5 in Dodging
  6134 | D:5      | Offered knowledge of Searing Ray by Vehumet.
  6138 | D:5      | Learned a level 2 spell: Searing Ray
  6341 | D:6      | Reached XP level 8. HP: 18/41 MP: 6/14
  6560 | D:6      | Found a blossoming altar of Fedhas.
  7219 | D:6      | Reached skill level 7 in Conjurations
  7944 | D:6      | Reached skill level 8 in Conjurations
  8277 | D:7      | Reached skill level 9 in Conjurations
  8467 | D:7      | Noticed a purple ugly thing
  8868 | D:7      | Offered knowledge of Static Discharge by Vehumet.
  8950 | D:7      | Found a burning altar of Makhleb.
  9132 | D:8      | Reached XP level 9. HP: 45/45 MP: 11/15
  9286 | D:8      | Reached skill level 10 in Conjurations
  9438 | D:8      | Reached *** piety under Vehumet
  9562 | D:8      | Learned a level 5 spell: Fireball
  9803 | D:8      | Found a shimmering altar of Xom.
 10076 | D:8      | Got an ancient short sword
 10077 | D:8      | Identified the +4 short sword "Labuahad" {distort, *Slow Str+6} (You found it on level 8 of the Dungeon)
 10422 | D:8      | Offered knowledge of Mephitic Cloud by Vehumet.
 10606 | D:9      | Reached skill level 5 in Spellcasting
 10611 | D:9      | Learned a level 3 spell: Mephitic Cloud
 10890 | D:9      | Found an iron altar of Okawaru.
 10925 | D:9      | Found a faded altar of an unknown god.
 10925 | D:9      | Found a faded altar of an unknown god.
 10930 | D:9      | Found a faded altar of an unknown god.
 10932 | D:9      | Found an ancient bone altar of Kikubaaqudgha.
 10934 | D:9      | Found a faded altar of an unknown god.
 10977 | D:9      | Noticed Joseph
 10990 | D:9      | HP: 1/45 [Joseph/sling bullet (9)]
 10991 | D:9      | Shot with a sling bullet by Joseph

Skill      XL: |  1  2  3  4  5  6  7  8  9 |
---------------+----------------------------+-----
Conjurations   | 2 3 4 6 9 10 | 10.0
Fire Magic     | 5 6 |  6.2
Stealth        | 3 5 7 |  7.3
Dodging        | 6 7 8 |  8.3
Spellcasting   | 5 |  5.1

Action                   |  1- 3 |  4- 6 |  7- 9 || total
-------------------------+-------+-------+-------++-------
Melee: Mace              |    21 |       |       ||    21
       Short sword       |     9 |       |     5 ||    14
       Dagger            |    20 |    14 |    62 ||    96
       Falchion          |       |     7 |     9 ||    16
 Cast: Flame Tongue      |    60 |    92 |   222 ||   374
       Sticky Flame      |       |     1 |    11 ||    12
       Conjure Flame     |       |     1 |     4 ||     5
       Searing Ray       |       |       |    24 ||    24
       Fireball          |       |       |     3 ||     3
  Use: Scroll            |     3 |     6 |    12 ||    21
       Potion            |       |       |     1 ||     1
 Stab: Sleeping          |       |       |     1 ||     1
  Eat: Chunk             |     3 |     8 |    20 ||    31
       Pizza             |       |       |     1 ||     1
       Beef jerky        |       |       |     1 ||     1
Armor: Robe              |    15 |     9 |    13 ||    37
Dodge: Dodged            |    48 |    51 |   102 ||   201
       Rpst.: Falchion   |       |     1 |     1 ||     2
